 Dungeon Crawl Stone Soup version 0.18-b1-14-g029dad2 (webtiles) character file.

7604 Zhenya25pyc the Basher (level 11, -2/69 HPs)
             Began as a Gargoyle Fighter on Apr 29, 2016.
             Was a High Priest of Okawaru.
             Slain by an orange demon (8 damage)
             ... on level 10 of the Dungeon on Apr 30, 2016.
             The game lasted 00:56:39 (8650 turns).

Zhenya25pyc the Basher (Gargoyle Fighter)           Turns: 8650, Time: 00:56:41

Health: -2/69      AC: 30    Str: 22    XL:     11   Next: 17%
Magic:  7/7        EV:  9    Int: 12    God:    Okawaru [*****.]
Gold:   654        SH:  0    Dex: 10    Spells: 0 memorised, 10 levels left

rFire  . . .     SeeInvis .     J - +12 mace of Power {antimagic, *Rage rN+ Int+3}
rCold  . . .     Gourm    .     P - +0 plate armour
rNeg   + + .     Faith    .     c - +0 shield
rPois  ∞         Spirit   .     H - +1 hat
rElec  +         Dismiss  .     p - +0 cloak
rCorr  .         Reflect  .     i - +2 pair of gloves
SustAt .         Harm     .     n - +2 pair of boots
MR     .....     Rnd*Rage +     y - amulet of magic regeneration
Stlth  ..........               o - +3 ring of evasion
                                B - ring of magical power

@: confused, not resistant to hostile enchantments, extremely unstealthy
A: negative energy resistance 1, electricity resistance, unbreathing, evolution
1, petrification resistance, rot immunity, AC +7
a: Heroism, Finesse, Renounce Religion


You were on level 10 of the Dungeon.
You worshipped Okawaru.
Okawaru was extremely pleased with you.
You were near starving.

You visited 1 branch of the dungeon, and saw 10 of its levels.
You also visited: Sewer.

You collected 654 gold pieces.

Inventory:

Hand Weapons
 J - the +12 mace of Power (weapon) {antimagic, *Rage rN+ Int+3}
   (You found it on level 6 of the Dungeon)

   It disrupts the flow of magical energy around spellcasters and certain
   magical creatures (including the wielder).
   It affects your intelligence (+3).
   It protects you from negative energy.
   It may make you go berserk in combat.
Armour
 c - a +0 shield (worn)
 i - a +2 pair of gloves (worn)
 n - a +2 pair of boots (worn)
 p - a +0 cloak (worn)
 H - a +1 hat (worn)
 P - a +0 plate armour (worn)
Jewellery
 o - a +3 ring of evasion (right hand)
 y - an amulet of magic regeneration (around neck)
 B - a ring of magical power (left hand)
Scrolls
 a - a scroll of fear {unknown}
 e - a scroll of magic mapping {unknown}
 g - 5 scrolls of remove curse
 j - a scroll of amnesia
 m - 5 scrolls of teleportation
 q - a scroll of blinking {unknown}
 t - 2 scrolls of enchant armour
 u - a scroll of recharging {unknown}
 x - 4 scrolls of fog
 E - a scroll of immolation {unknown}
 G - 2 scrolls of noise {unknown}
 Q - a scroll of enchant weapon {unknown}
Potions
 d - 3 potions of might
 h - 2 potions of invisibility
 r - a potion of brilliance
 v - 3 potions of lignification
 w - 4 potions of heal wounds
 z - 4 potions of curing
 F - 3 potions of flight
 I - a potion of degeneration
 M - a potion of berserk rage
 R - a potion of magic
Comestibles
 f - 16 bread rations
 s - 2 fruits
 L - 8 slices of pizza
 O - 2 beef jerkies


   Skills:
 + Level 8.3 Fighting
 * Level 10.0 Maces & Flails
 + Level 8.6 Armour
 + Level 3.7 Dodging
 + Level 8.3 Shields
 + Level 5.0 Invocations


You had 10 spell levels left.
You didn't know any spells.

Dungeon Overview and Level Annotations

Branches:
Dungeon (10/15)            Temple (0/1) D:5            Lair (0/8) D:10
    Orc: D:9-12

Altars:
Ashenzari
Dithmenos
Elyvilon
Fedhas
Gozag
Makhleb
Okawaru
Pakellas
Qazlal
Ru
Trog
Vehumet
Yredelemnul
Zin


Innate Abilities, Weirdness & Mutations

You are resistant to torment.
Your stone body is resilient (AC +7).
You are immune to poison.
You resist negative energy.
You are resistant to electric shocks.
You can survive without breathing.
You are immune to petrification.
You are immune to rotting.
You evolve.


Message History

The orange demon stings you but does no damage.
You barely miss the orc wizard.
The orc wizard is heavily wounded.
The orc wizard hits you but does no damage.
The orange demon stings you but does no damage.
You block the orange demon's attack.
A red devil comes into view.
It is wielding a demon trident of draining.
You closely miss the orc wizard.
The orc wizard is heavily wounded.
The red devil hits you but does no damage.
You block the orc wizard's attack. The orange demon closely misses you.
The orange demon stings you from afar.
* * * LOW HITPOINT WARNING * * *
You closely miss the orc wizard.
The orc wizard is heavily wounded.
The red devil hits you but does no damage.
The orc wizard casts a spell at you.
You are confused.
The orange demon stings you from afar!
You die...

................
#####..........########
#..........#......#
#..........#......#
#..........#......#
#####........###......# .
.............#....4...# ...
#########....####)#)..+....
#.......@o44.......
#.....####4o..#### #....##
##4.## #.##.# ...4.. #.##.#
......... #....# .##..##$(#
###... ## .... ### #...
..... .....


You could see 3 orange demons, 3 red devils, an orc wizard and an orc.

Vanquished Creatures
  The ghost of no0bjke the Cleaver, a novice MiBe of Trog (D:8)
  A hill giant (D:10)
  An ugly thing (D:8)
  An orange demon (D:10)
  A troll (D:9)
  4 yaks (D:9)
  2 wyverns
  A hungry ghost (D:8)
  2 hippogriffs
  A human (D:7)
  Eustachio (D:6)
  Edmund (D:5)
  A hell hound (D:10)
  Duvessa (D:6)
  4 ice beasts
  2 orc warriors
  A black bear (D:5)
  An eye of draining (D:10)
  5 ogres
  A wasp (D:9)
  2 phantoms
  A sky beast (D:8)
  4 centaurs
  A big kobold (D:7)
  2 giant frogs
  A wyvern zombie (D:7)
  Dowan (D:6)
  2 scorpions
  5 wights
  5 crimson imps
  3 quasits
  A jelly (D:9)
  2 centaur skeletons
  Crazy Yiuf (D:6)
  2 giant frog skeletons
  6 orc priests
  2 hounds
  Ijyb (D:2)
  4 orc wizards
  6 worker ants
  4 sheep (D:7)
  A hound zombie (D:6)
  2 hound skeletons
  3 gnolls (D:9)
  A howler monkey skeleton (D:9)
  15 adders
  2 shadow imps
  An adder skeleton (D:8)
  4 worms
  2 dart slugs
  4 giant geckos
  18 orcs
  6 ball pythons
  5 bats
  10 giant cockroaches
  4 hobgoblins
  16 jackals
  A quokka (D:6)
  10 giant newts
  6 goblins
  3 jackal skeletons (D:4)
  15 kobolds
  18 rats
  A bush (D:6)
  8 plants (Sewer)
245 creatures vanquished.

Vanquished Creatures (others)
  An orc wizard (D:6)
1 creature vanquished.

Grand Total: 246 creatures vanquished

Notes
Turn   | Place    | Note
--------------------------------------------------------------
     0 | D:1      | Zhenya25pyc the Gargoyle Fighter began the quest for the Orb.
     0 | D:1      | Reached XP level 1. HP: 14/14 MP: 1/1
   178 | D:1      | Reached XP level 2. HP: 19/19 MP: 2/2
   757 | D:2      | Reached XP level 3. HP: 21/23 MP: 3/3
   910 | D:2      | Upgraded the game from 0.18-b1-10-g3f7de93 to 0.18-b1-14-g029dad2
   934 | D:2      | Found an iron altar of Okawaru.
   940 | D:2      | Became a worshipper of Warmaster Okawaru
  1106 | D:2      | Noticed Ijyb
  1116 | D:2      | Killed Ijyb
  1116 | D:2      | Reached skill level 3 in Maces & Flails
  1116 | D:2      | Reached XP level 4. HP: 24/29 MP: 4/4
  1606 | D:3      | Found a blossoming altar of Fedhas.
  1630 | D:3      | Reached XP level 5. HP: 33/33 MP: 5/5
  1771 | D:3      | Found a glowing drain.
  1778 | Sewer    | Entered a sewer
  2776 | D:3      | Found an oddly glowing altar of Pakellas.
  2872 | D:3      | Found a shattered altar of Ashenzari.
  2986 | D:3      | Found a burning altar of Makhleb.
  3086 | D:3      | Found a basalt altar of Yredelemnul.
  3185 | D:3      | Found a sacrificial altar of Ru.
  3447 | D:4      | Reached skill level 4 in Maces & Flails
  3447 | D:4      | Reached XP level 6. HP: 5/39 MP: 6/6
  4262 | D:5      | Entered Level 5 of the Dungeon
  4358 | D:5      | Noticed Edmund
  4360 | D:5      | Noticed an ice beast
  4386 | D:5      | Killed an ice beast
  4386 | D:5      | Reached * piety under Okawaru
  4386 | D:5      | Reached skill level 5 in Fighting
  4386 | D:5      | Reached skill level 5 in Armour
  4386 | D:5      | Reached XP level 7. HP: 23/44 MP: 7/7
  4392 | D:5      | Killed Edmund
  4392 | D:5      | Reached skill level 5 in Maces & Flails
  4623 | D:5      | Found a staircase to the Ecumenical Temple.
  4628 | D:5      | Reached skill level 5 in Shields
  5002 | D:5      | Reached ** piety under Okawaru
  5002 | D:5      | Reached XP level 8. HP: 50/50 MP: 8/8
  5073 | D:5      | Reached skill level 6 in Maces & Flails
  5204 | D:6      | Noticed Duvessa
  5209 | D:6      | Noticed Eustachio
  5213 | D:6      | Noticed Dowan
  5353 | D:6      | Killed Duvessa
  5360 | D:6      | Killed Eustachio
  5426 | D:6      | Killed Dowan
  5493 | D:6      | Reached *** piety under Okawaru
  5493 | D:6      | Reached skill level 7 in Maces & Flails
  5539 | D:6      | Reached XP level 9. HP: 37/56 MP: 9/9
  5763 | D:6      | Got a crystal mace
  5764 | D:6      | Noticed Crazy Yiuf
  5766 | D:6      | Got a faintly glowing mace
  5772 | D:6      | Killed Crazy Yiuf
  5774 | D:6      | Identified the +3 mace of Impermanence {venom, Str-3 Dex+5} (You found it on level 6 of the Dungeon)
  5775 | D:6      | Identified the +12 mace of Power {antimagic, *Rage rN+ Int+3} (You found it on level 6 of the Dungeon)
  6012 | D:6      | Found a shadowy altar of Dithmenos.
  6164 | D:7      | Found an opulent altar of Gozag.
  6200 | D:7      | Reached skill level 1 in Dodging
  6200 | D:7      | Reached skill level 1 in Invocations
  6261 | D:7      | Found a stormy altar of Qazlal.
  6483 | D:7      | Reached **** piety under Okawaru
  6483 | D:7      | Reached skill level 8 in Maces & Flails
  6637 | D:7      | Found a glowing silver altar of Zin.
  6637 | D:7      | Noticed an angel
  6812 | D:7      | Found a white marble altar of Elyvilon.
  6906 | D:8      | Noticed no0bjke's ghost (novice MiBe)
  6930 | D:8      | Killed no0bjke's ghost
  6930 | D:8      | Reached XP level 10. HP: 17/63 MP: 7/12
  7249 | D:8      | Noticed a cyan ugly thing
  7252 | D:8      | Killed a cyan ugly thing
  7252 | D:8      | Reached ***** piety under Okawaru
  7260 | D:8      | Reached skill level 9 in Maces & Flails
  7385 | D:8      | Found a radiant altar of Vehumet.
  7909 | D:9      | Found a bloodstained altar of Trog.
  8010 | D:9      | Received a gift from Okawaru
  8257 | D:10     | Entered Level 10 of the Dungeon
  8267 | D:10     | Found a staircase to the Lair.
  8291 | D:10     | Reached XP level 11. HP: 68/68 MP: 2/14
  8328 | D:10     | Gained mutation: Scrolls take you a little longer to read. [potion of mutation]
  8328 | D:10     | Lost mutation: Scrolls take you a little longer to read. [potion of mutation]
  8328 | D:10     | Gained mutation: You evolve. [potion of mutation]
  8366 | D:10     | Noticed a hill giant
  8374 | D:10     | Killed a hill giant
  8632 | D:10     | Reached skill level 10 in Maces & Flails
  8632 | D:10     | Reached skill level 5 in Invocations
  8650 | D:10     | Slain by an orange demon

Skill      XL: |  1  2  3  4  5  6  7  8  9 10 11 |
---------------+----------------------------------+-----
Maces & Flails | 3 4 5 7 8 9 10 | 10.0
Armour         | 4 5 6 7 8 |  8.6
Fighting       | 4 5 6 7 8 |  8.3
Shields        | 4 5 6 7 8 |  8.3
Dodging        | 2 3 |  3.7
Invocations    | 2 4 5 |  5.0

Action                   |  1- 3 |  4- 6 |  7- 9 | 10-12 || total
-------------------------+-------+-------+-------+-------++-------
Melee: Flail             |    99 |   521 |   233 |       ||   853
       Morningstar       |       |    59 |    13 |       ||    72
       Mace              |       |       |   102 |   236 ||   338
  Use: Scroll            |       |       |       |    15 ||    15
       Potion            |       |       |       |     1 ||     1
  Eat: Chunk             |     1 |     6 |     9 |    13 ||    29
       Pizza             |       |     1 |       |       ||     1
       Meat ration       |       |     1 |       |       ||     1
       Fruit             |       |       |       |     1 ||     1
Armor: Scale mail        |    40 |   179 |   187 |    29 ||   435
       Plate armour      |       |       |       |   113 ||   113
Dodge: Dodged            |    25 |   187 |   141 |    90 ||   443
Block: Shield            |    50 |   236 |   182 |   119 ||   587
